 Dungeon Crawl Stone Soup version 0.17.1-3-g152610e (webtiles) character file.

74 Gargoyl the Skirmisher (level 4, 0/52 HPs)
             Began as a Demonspawn Abyssal Knight on Mar 17, 2016.
             Was a Follower of Lugonu.
             Succumbed to an adder's poison
             ... on level 2 of the Dungeon.
             The game lasted 00:02:39 (1770 turns).

Gargoyl the Skirmisher (Demonspawn Abyssal Knight)  Turns: 1770, Time: 00:02:39

Health: 0/52       AC: 22    Str: 13    XL:     4   Next: 10%
Magic:  6/6        EV:  2    Int: 19    God:    Lugonu [*.....]
Gold:   44         SH:  3    Dex: 12    Spells: 0 memorised, 3 levels left

rFire  . . .     SeeInvis .     a - +1 hand axe
rCold  . . .     Clarity  .     (armour currently unavailable)
rNeg   + + +     SustAt   .     h - +0 buckler
rPois  +         Gourm    .     (helmet currently unavailable)
rElec  .         Spirit   .     (cloak currently unavailable)
rCorr  .         Warding  .     (gloves currently unavailable)
rMut   .         NoTele   +     (boots currently unavailable)
MR     .....                    (no amulet)
Stlth  ++........               (no ring)
                                (no ring)

@: brilliant, lethally poisoned (0 -> -6), tree-form, not resistant to hostile
enchantments, unstealthy
A: (talons 0), nightstalker 1
a: Depart the Abyss, Renounce Religion


You were on level 2 of the Dungeon.
You worshipped Lugonu.
Lugonu was aware of your devotion.
You were not hungry.
You were a tree.
You visited 1 branch of the dungeon, and saw 2 of its levels.
You visited the Abyss 1 time.

You collected 44 gold pieces.

Inventory:

Hand Weapons
 a - a +1 hand axe (weapon)
Missiles
 b - 6 tomahawks (quivered)
Armour
 h - a +0 buckler (worn)
 j - a +0 ring mail (melded)
Scrolls
 f - 2 scrolls of teleportation {unknown}
 i - a scroll of enchant armour {unknown}
Potions
 l - a potion of invisibility
Comestibles
 c - a bread ration
 g - 2 meat rations


   Skills:
 + Level 3.5 Fighting
 + Level 2.1 Axes
 + Level 2.4 Armour
 + Level 2.0 Dodging
 + Level 0.4 Stealth
 + Level 0.1 Shields
 + Level 2.8 Invocations


You had 3 spell levels left.
You didn't know any spells.

Dungeon Overview and Level Annotations

Branches:
Dungeon (2/15)

Altars:


Innate Abilities, Weirdness & Mutations

((You have sharp toenails.))
You are slightly more attuned to the shadows.


Message History

Lugonu accepts your kill.
* * * LOW HITPOINT WARNING * * *
You feel sick.
Unknown command.
Drink which item? (? for menu, Esc to quit)
It was a potion of lignification.
You turn into a tree.
Your +0 ring mail melds into your body.
Your roots penetrate the ground.
* * * LOW HITPOINT WARNING * * *
You feel sick.
Drink which item? (? for menu, Esc to quit)
It was a potion of brilliance.
You feel clever all of a sudden.
* * * LOW HITPOINT WARNING * * *
You feel sick.
* * * LOW HITPOINT WARNING * * *
You feel sick.
* * * LOW HITPOINT WARNING * * *
You feel sick.
All of the chunks of flesh in your inventory have rotted away.
You die...

#.##.##### #..#
#.##.# # #..#
#.##.# # #..#
#.##.# # #..#
#.##<# #..##
#[##÷#
#...####.##.#
####?.!......#.#
#.)♣...........#
#...##.#.####..#.#
##. .$....# #..#.#
#. ###.#..........
.. #....###..####
# #.#.... ..# #.#
.##


There were no monsters in sight!

Vanquished Creatures
  Natasha (twice) (D:2)
  2 adders (D:2)
  2 giant cockroaches (D:1)
  5 goblins
  3 hobgoblins
  4 kobolds (D:1)
  6 bats (D:1)
  A giant newt (D:2)
  4 rats
29 creatures vanquished.

Notes
Turn   | Place    | Note
--------------------------------------------------------------
     0 | Abyss:1  | Gargoyl the Demonspawn Abyssal Knight began the quest for the Orb.
     0 | Abyss:1  | Reached XP level 1. HP: 18/18 MP: 2/2
    65 | Abyss:1  | Noticed a thrashing horror
    69 | D:1      | Escaped the Abyss
   281 | D:1      | Reached skill level 1 in Dodging
   286 | D:1      | Reached * piety under Lugonu
   352 | D:1      | Gained mutation: You are slightly more attuned to the shadows. [demonic ancestry]
   352 | D:1      | Reached XP level 2. HP: 18/24 MP: 3/3
  1264 | D:2      | Reached XP level 3. HP: 12/29 MP: 5/5
  1534 | D:2      | Noticed Natasha
  1546 | D:2      | Killed Natasha
  1720 | D:2      | Noticed Natasha
  1731 | D:2      | Killed Natasha
  1763 | D:2      | Gained mutation: You have sharp toenails. [demonic ancestry]
  1763 | D:2      | Reached XP level 4. HP: 6/35 MP: 6/6
  1767 | D:2      | HP: 2/52 [poisoned by an adder]
  1770 | D:2      | Succumbed to an adder's poison

Action                   |  1- 3 |  4- 6 || total
-------------------------+-------+-------++-------
Melee: Hand axe          |   112 |     1 ||   113
Invok: Depart the Abyss  |     1 |       ||     1
  Use: Potion            |       |     2 ||     2
  Eat: Bread ration      |     1 |       ||     1
